 Dungeon Crawl Stone Soup version 0.29-a0-370-gb5314be063 (webtiles) character file.

Game seed: 10975296820871119897

1277 Lekart the Chopper (level 8, -4/67 HPs)
             Began as a Purple Draconian Gladiator on May 2, 2022.
             Was an Initiate of the Shining One.
             Slain by an ogre
             ... wielding a +0 giant spiked club
              (10 damage)
             ... on level 5 of the Dungeon.
             The game lasted 00:06:29 (5216 turns).

Lekart the Chopper (Purple Draconian Gladiator)     Turns: 5216, Time: 00:06:29

Health: -4/67      AC: 10    Str: 17    XL:     8   Next: 29%
Magic:  9/9        EV: 14    Int:  8    God:    the Shining One [......]
Gold:   333        SH:  0    Dex: 15    Spells: 7/7 levels left

rFire   . . .      SeeInvis .   a - +0 war axe
rCold   . . .      Faith    .   (no shield)
rNeg    . . .      Spirit   .   (body armour unavailable)
rPois   .          Reflect  .   b - +0 hat
rElec   .          Harm     .   (no cloak)
rCorr   .          Rampage  .   (no gloves)
Will    +....                   (no boots)
Stlth   +.........              (no amulet)
HPRegen 0.21/turn               k - +4 ring of protection
MPRegen 0.11/turn               (no ring)

@: glowing
A: breathe power, AC +6, unfitting armour, cold-blooded
a: Breathe Dispelling Energy, Renounce Religion


You were on level 5 of the Dungeon.
You worshipped the Shining One.
The Shining One was noncommittal.
You visited 2 branches of the dungeon, and saw 6 of its levels.

You collected 333 gold pieces.

Inventory:

Hand Weapons
 a - a +0 war axe (weapon)
Armour
 b - a +0 hat (worn)
Jewellery
 k - a +4 ring of protection (left hand)
 o - a ring of resist corrosion
 x - an amulet of guardian spirit
Scrolls
 c - a scroll of vulnerability {unknown}
 e - a scroll of acquirement {unknown}
 g - 3 scrolls of magic mapping
 h - a scroll of identify
 j - a scroll of teleportation {unknown}
 n - a scroll of amnesia {unknown}
 q - a scroll of silence {unknown}
 u - 2 scrolls of immolation {unknown}
 v - a scroll of fear {unknown}
Potions
 d - 2 potions of curing
 f - a potion of resistance {unknown}
 i - 4 potions of flight {unknown}
 m - 2 potions of brilliance {unknown}
 p - 2 potions of heal wounds {unknown}
 r - a potion of cancellation {unknown}
 s - a potion of might {unknown}
 t - a potion of mutation {unknown}
 w - a potion of attraction {unknown}


   Skills:
 + Level 4.3 Fighting
 + Level 7.4 Axes
 + Level 4.4 Throwing
 + Level 4.4 Dodging
 * Level 2.5 Invocations


You had 7 spell levels left.
You didn't know any spells.
Your spell library contained the following spells:

 Spells                   Type           Power      Damage    Failure   Level
 Confusing Touch          Hex            0%         N/A       78%         3
 Yara's Violent Unravell  Hex/Tmut       0%         3d3       100%        5
 Enfeeble                 Hex            0%         N/A       100%        7


Dungeon Overview and Level Annotations

Branches:
Dungeon (5/15)             Temple (1/1) D:4

Altars:
Ashenzari
Cheibriados
Dithmenos
Elyvilon
Fedhas
Gozag
Hepliaklqana
Kikubaaqudgha
Makhleb
Okawaru
Qazlal
Ru
Sif Muna
Uskayaw
Vehumet
Wu Jian
Xom
Zin
The Shining One

Shops:
D:5 !


Innate Abilities, Weirdness & Mutations

You can breathe bolts of dispelling energy.
Your rich purple scales are hard. (AC +6)
You cannot fit into any form of body armour.
You are cold-blooded and may be slowed by cold attacks.


Message History

The gnoll shaman is heavily wounded.
The gnoll shaman barely misses you.
You hit the gnoll shaman but do no damage.
The gnoll shaman is heavily wounded.
You hit the ogre. The ogre misses you. The gnoll shaman misses you.
You hit the gnoll shaman but do no damage.
The gnoll shaman is heavily wounded.
You hit the ogre.
The gnoll shaman hits you but does no damage.
The ogre closely misses you.
The gnoll shaman hits you with a +0 whip!
* * * LOW HITPOINT WARNING * * *
You barely miss the gnoll shaman.
The gnoll shaman is heavily wounded.
You barely miss the ogre. The ogre closely misses you.
The gnoll shaman barely misses you.
You hit the gnoll shaman.
The gnoll shaman is heavily wounded.
You hit the ogre.
The gnoll shaman utters an invocation to its god.
The gnoll shaman is healed somewhat.
You hit the gnoll shaman.
The gnoll shaman is heavily wounded.
You hit the ogre. The ogre barely misses you.
The gnoll shaman hits you with a +0 whip.
* * * LOW HITPOINT WARNING * * *
You see here a +0 whip.
The gnoll shaman attacks as you move away!
The gnoll shaman misses you. The ogre attacks as you move away!
The ogre completely misses you.
You slash the gnoll shaman!
Your tail-slap misses the gnoll shaman.
The gnoll shaman is severely wounded.
The gnoll shaman closely misses you.
You hit the ogre.
The ogre is heavily wounded.
You hit the gnoll shaman but do no damage.
The gnoll shaman hits you with a +0 whip.
* * * LOW HITPOINT WARNING * * *
The ogre hits you with a +0 giant spiked club!
You die...

###### #####..$.## ##
..........# ############.
.......... #............
........######.###########
#....##.....# #
##...)O......# # # #
+.....g@.....#.# #.#
#....)######.#.#.###.#.#
##....##.....#g#g#∩#.#.#
#..).##.....#g#g..#.#.#
#....##.....#.# ### #.#
+...........# . .g$ # #
#....(......######### #
#....######......... #
#....##.....###########


You could see an ogre and a gnoll shaman.

Vanquished Creatures
  Prince Ribbit (D:5)
  Sigmund (D:3)
  Edmund (D:5)
  3 black bears
  A centaur (D:5)
  Blork the orc (D:5)
  A scorpion (D:4)
  A howler monkey (D:4)
  An orc priest (D:4)
  An iguana (D:4)
  An orc wizard (D:4)
  2 gnolls (D:5)
  7 adders
  4 dart slugs
  11 orcs
  11 endoplasms
  7 giant cockroaches
  7 goblins
  10 hobgoblins
  9 jackals
  9 kobolds
  A quokka (D:4)
  8 ball pythons
  8 bats
  4 frilled lizards
  7 rats
118 creatures vanquished.

Vanquished Creatures (others)
  A hobgoblin (D:4)
  A plant (D:1)
2 creatures vanquished.

Grand Total: 120 creatures vanquished

Notes
Turn   | Place    | Note
-------+----------+-------------------------------------------
     0 | D:1      | Lekart the Draconian Gladiator began the quest for the Orb.
     0 | D:1      | Reached XP level 1. HP: 17/17 MP: 1/1
   253 | D:1      | Reached XP level 2. HP: 14/24 MP: 2/2
   798 | D:1      | Reached XP level 3. HP: 30/30 MP: 3/3
  1189 | D:1      | Found a faded altar of an unknown god.
  1453 | D:2      | Reached skill level 4 in Axes
  1660 | D:2      | Reached XP level 4. HP: 29/36 MP: 4/4
  2725 | D:3      | Reached XP level 5. HP: 45/45 MP: 5/5
  2980 | D:3      | Noticed Sigmund
  2989 | D:3      | Killed Sigmund
  2990 | D:3      | Reached skill level 5 in Axes
  2990 | D:3      | Reached XP level 6. HP: 49/51 MP: 6/6
  3168 | D:4      | Found a stormy altar of Qazlal.
  3289 | D:4      | Reached skill level 6 in Axes
  3361 | D:4      | Your scales start taking on a rich purple colour.
  3361 | D:4      | Reached XP level 7. HP: 50/57 MP: 7/7
  4253 | D:4      | Found a staircase to the Ecumenical Temple.
  4440 | Temple   | Entered the Ecumenical Temple
  4539 | Temple   | Became a worshipper of the Shining One
  4576 | D:5      | Entered Level 5 of the Dungeon
  4765 | D:5      | Noticed Blork the orc
  4781 | D:5      | Killed Blork the orc
  4782 | D:5      | Reached skill level 1 in Invocations
  4823 | D:5      | Found Hudoqoe's Distillery.
  4837 | D:5      | Noticed Prince Ribbit
  4853 | D:5      | Killed Prince Ribbit
  4854 | D:5      | Reached skill level 7 in Axes
  4854 | D:5      | Reached XP level 8. HP: 36/66 MP: 7/9
  5060 | D:5      | Noticed Edmund
  5083 | D:5      | Killed Edmund
  5216 | D:5      | Slain by an ogre

Illustrated notes

Levels and vault maps discovered:
D:1:      dpeg_arrival_rooms_a, layout_loops_cross, serial_glass,
          glass_columns_a, glass_columns_a,
          shapermc_ecumenical_altar_mp_urbaneastern
D:2:      layout_loops_corners, minmay_cupped
D:3:      layout_loops_cross, uniq_sigmund
D:4:      minmay_recursive_quarters, layout_gridville, grunt_qazlal_clouds,
          temple_statues
D:5:      layout_gridville, serial_shops, nicolae_inconvenience_store,
          ebering_ghost_gozag, amcnicky_mini_pool_small, uniq_edmund,
          uniq_prince_ribbit1, uniq_blork_the_orc
Temple:   compressed_dpeg_circular_temple

Skill      XL: |  1  2  3  4  5  6  7  8 |
---------------+-------------------------+-----
Dodging        | 3 4 |  4.4
Throwing       | 2 3 4 |  4.4
Axes           | 4 5 6 7 |  7.4
Fighting       | 3 4 |  4.3
Invocations    | 1 2 |  2.5

Action                   |  1- 3 |  4- 6 |  7- 9 || total
-------------------------+-------+-------+-------++-------
Melee: War axe           |   108 |    64 |   114 ||   286
       Tailslap          |    10 |     7 |    18 ||    35
       Punch             |       |     1 |       ||     1
Throw: Javelin           |     3 |    44 |    21 ||    68
       Throwing net      |     3 |       |       ||     3
 Abil: Breathe Dispellin |       |       |     3 ||     3
  Use: Scroll            |     3 |       |       ||     3
 Stab: Held in net/web   |     1 |       |       ||     1
       Sleeping          |       |     1 |       ||     1
Armor: Skin              |    34 |    36 |    52 ||   122
Dodge: Dodged            |    67 |    48 |    88 ||   203

Table legend: (Time is in decaauts)
 A = Elapsed time spent in this place.
 B = Non-inter-level travel time spent in this place.
 C = Inter-level travel time spent in this place.
 D = Time resting spent in this place.
 E = Time spent auto-exploring this place.
 F = Levels seen in this place.
 G = Mean time per level.
                   A        B        C        D        E       F      G
               +--------+--------+--------+--------+--------+-----+--------+
         Total |   5315 |   5232 |     83 |    102 |   4243 |   6 |  885.8 |
       Dungeon |   5201 |   5122 |     79 |    102 |   4186 |   5 | 1040.2 |
        Temple |    113 |    109 |      4 |      0 |     57 |   1 |  113.0 |
               +--------+--------+--------+--------+--------+-----+--------+

Top non-repeatable levels by time:
     D:4: 1385 daAuts
     D:1: 1239 daAuts
     D:2: 1209 daAuts
     D:3: 714 daAuts
     D:5: 653 daAuts
  Temple: 113 daAuts
